 Dungeon Crawl Stone Soup version 0.23.2 (webtiles) character file.

Game seed: 13728189498551014970

3806 cklessthan3 the Grappler (level 9, 0/84 HPs)
             Began as a Troll Berserker on Apr 7, 2019.
             Was an Elder of Trog.
             Slain by a slave (2 damage)
             ... led by Pikel
             ... while paralysed by Pikel
             ... on level 7 of the Dungeon.
             The game lasted 00:26:03 (4884 turns).

cklessthan3 the Grappler (Troll Berserker)          Turns: 4884, Time: 00:26:04

Health: 0/84       AC:  8    Str: 34    XL:     9   Next: 96%
Magic:  8/8        EV:  1    Int:  3    God:    Trog [****..]
Gold:   272        SH:  0    Dex:  9    Spells: 8/8 levels left

rFire    + . .     SeeInvis .     - Unarmed
rCold    + . .     Gourm    +   (no shield)
rNeg     . . .     Faith    .   x - +2 robe {rC+}
rPois    .         Spirit   .   r - +0 hat
rElec    .         Reflect  .   (no cloak)
rCorr    .         Harm     .   (gloves unavailable)
MR       .....                  (boots unavailable)
Stlth    +.........             (no amulet)
HPRegen  0.64/turn              o - +4 ring of strength
MPRegen  0.11/turn              g - ring of protection from fire

@: paralysed
A: large, unfitting armour, claws 3, fast metabolism 3, gourmand, regeneration
1, shaggy fur 1, tough skin 3
a: Berserk, Trog's Hand, Brothers in Arms, Renounce Religion


You were on level 7 of the Dungeon.
You worshipped Trog.
Trog was greatly pleased with you.
You were completely stuffed.

You visited 1 branch of the dungeon, and saw 7 of its levels.

You collected 272 gold pieces.

Inventory:

Missiles
 e - 11 tomahawks (quivered)
 j - 2 tomahawks of returning
Armour
 a - a +0 animal skin
 r - a +0 hat (worn)
 x - a +2 robe of cold resistance (worn)
Jewellery
 g - a ring of protection from fire (right claw)
 h - an uncursed amulet of magic regeneration
 o - a +4 ring of strength (left claw)
 w - the ring "Byreepp" {Ice rElec rPois Str-4 Dex+5}
   (You found it on level 5 of the Dungeon)

   [ring of ice]

   It enhances your ice magic.
   It affects your strength (-4).
   It affects your dexterity (+5).
   It makes you vulnerable to fire.
   It protects you from cold.
   It insulates you from electricity.
   It protects you from poison.
Wands
 u - a wand of enslavement (11)
 y - a wand of paralysis (14)
Scrolls
 c - a scroll of enchant armour {unknown}
 m - a scroll of fear {unknown}
 n - 2 scrolls of immolation
 p - a scroll of blinking {unknown}
 q - 4 scrolls of remove curse {unknown}
 s - a scroll of teleportation {unknown}
 D - a scroll of magic mapping {unknown}
 F - a scroll of enchant weapon {unknown}
 G - a scroll of identify
 H - a scroll of amnesia {unknown}
 I - a scroll of random uselessness {unknown}
 J - a scroll of fog {unknown}
Potions
 d - 3 potions of heal wounds {unknown}
 f - 3 potions of resistance {unknown}
 i - 2 potions of magic {unknown}
 k - 6 potions of curing {unknown}
 l - 2 potions of invisibility {unknown}
 t - 2 potions of ambrosia {unknown}
 v - a potion of cancellation {unknown}
 z - a potion of agility {unknown}
 A - a potion of degeneration {unknown}
 C - a potion of mutation {unknown}
 E - a potion of lignification {unknown}
Comestibles
 b - 11 rations
 B - 8 chunks of flesh


   Skills:
 + Level 4.3 Fighting
 + Level 0.4 Throwing
 + Level 6.2 Dodging
 + Level 11.9 Unarmed Combat


You had 8 spell levels left.
You didn't know any spells.
Your spell library was empty.

Dungeon Overview and Level Annotations

Branches:
Dungeon (7/15)             Temple (0/1) D:5

Altars:
Sif Muna

Shops:
D:4 *

Annotations:
D:7 Pikel


Innate Abilities, Weirdness & Mutations

You are too large for most types of armour.
You have claws for hands.
Your metabolism is lightning-fast.
You like to eat raw meat.
Your natural rate of healing is unusually fast.
You are covered in fur. (AC +1)
You have extremely tough skin. (AC +3)


Message History

* * * LOW HITPOINT WARNING * * *
Pikel hits you but does no damage. The slave hits you.
* * * LOW HITPOINT WARNING * * *
The slave hits you.
* * * LOW HITPOINT WARNING * * *
Pikel hits you with a +0 whip of freezing.
* * * LOW HITPOINT WARNING * * *
The slave hits you.
* * * LOW HITPOINT WARNING * * *
The slave hits you but does no damage.
Pikel zaps a wand.
You easily resist.
The slave hits you.
* * * LOW HITPOINT WARNING * * *
The slave hits you but does no damage.
Pikel hits you with a +0 whip of freezing.
* * * LOW HITPOINT WARNING * * *
Pikel freezes you.
* * * LOW HITPOINT WARNING * * *
The slave hits you.
You die...

.. ##................###..
..####....####..............
.........# ##...............
#.....###.##.............
##................#.#....
#........##..#...#....##
####........#####.......##
#...........# ##......#
#..#.....K@## ..
#..####..pp.# #. #(...## .
#....# pp #....# #...##
#####


You could see Pikel and 2 slaves.

Vanquished Creatures
  Grinder (D:3)
  A hippogriff (D:7)
  Sigmund (D:6)
  Menkaure (D:7)
  5 ice beasts
  An orc warrior (D:7)
  A sky beast (D:6)
  4 phantoms
  4 ogres
  2 centaurs (D:6)
  A big kobold (D:7)
  3 bullfrogs
  A scorpion (D:6)
  4 wights (D:6)
  3 howler monkeys
  4 crimson imps
  2 orc priests (D:6)
  2 centaur skeletons (D:5)
  3 hounds
  6 orc wizards
  Ijyb (D:5)
  3 iguanas
  5 worker ants
  A hound zombie (D:6)
  A worker ant zombie (D:5)
  16 adders
  8 gnolls
  An ooze (D:3)
  An adder skeleton (D:6)
  3 worms
  2 dart slugs
  4 leopard geckos
  21 orcs
  7 giant cockroaches
  7 goblins
  8 hobgoblins
  2 jackals (D:2)
  2 quokkas
  8 bats
  4 frilled lizards
  13 kobolds
  7 rats
  A bush (D:3)
  A plant (D:3)
177 creatures vanquished.

Notes
Turn   | Place    | Note
-------+----------+-------------------------------------------
     0 | D:1      | cklessthan3 the Troll Berserker began the quest for the
                  | Orb.
     0 | D:1      | Reached XP level 1. HP: 22/22 MP: 0/0
   120 | D:1      | Reached XP level 2. HP: 29/29 MP: 1/1
   501 | D:2      | Reached XP level 3. HP: 36/36 MP: 2/2
   560 | D:2      | Reached skill level 4 in Unarmed Combat
   572 | D:2      | Found a deep blue altar of Sif Muna.
   606 | D:2      | Reached ** piety under Trog
   626 | D:2      | Reached XP level 4. HP: 43/44 MP: 3/3
  1230 | D:3      | Noticed Grinder
  1249 | D:3      | Killed Grinder
  1249 | D:3      | Reached skill level 6 in Unarmed Combat
  1249 | D:3      | Reached XP level 5. HP: 34/53 MP: 4/4
  1249 | D:3      | Reached XP level 6. HP: 39/61 MP: 5/5
  2051 | D:4      | Found Qenaleynn's Lightly-Used Armoury.
  2074 | D:4      | Reached XP level 7. HP: 52/67 MP: 6/6
  2122 | D:4      | Reached skill level 7 in Unarmed Combat
  2173 | D:4      | Reached *** piety under Trog
  2454 | D:5      | Entered Level 5 of the Dungeon
  2497 | D:5      | Reached skill level 8 in Unarmed Combat
  2516 | D:5      | Found a staircase to the Ecumenical Temple.
  2778 | D:5      | Noticed Ijyb
  2789 | D:5      | Killed Ijyb
  2894 | D:5      | Reached XP level 8. HP: 75/75 MP: 7/7
  3283 | D:5      | Got a fine steel ring
  3414 | D:6      | Noticed Sigmund
  3417 | D:6      | Killed Sigmund
  3417 | D:6      | Reached skill level 9 in Unarmed Combat
  3433 | D:6      | Identified the ring "Byreepp" {Ice rElec rPois Str-4 Dex+5}
                  | (You found it on level 5 of the Dungeon)
  3719 | D:6      | Reached skill level 10 in Unarmed Combat
  3826 | D:6      | Reached **** piety under Trog
  3832 | D:6      | Reached XP level 9. HP: 47/84 MP: 8/8
  3839 | D:6      | HP: 3/84 [gnoll/+0 halberd (17)]
  3857 | D:6      | Reached skill level 5 in Dodging
  4223 | D:6      | Reached skill level 11 in Unarmed Combat
  4791 | D:7      | Noticed Menkaure
  4795 | D:7      | Killed Menkaure
  4857 | D:7      | Noticed Pikel
  4879 | D:7      | Paralysed by Pikel for 5 turns
  4883 | D:7      | HP: 2/84 [Pikel/+0 whip of freezing (4)]
  4884 | D:7      | Slain by a slave

Skill      XL: |  1  2  3  4  5  6  7  8  9 |
---------------+----------------------------+-----
Unarmed Combat | 4 6 8 10 11 | 11.9
Dodging        | 3 4 6 |  6.2
Fighting       | 3 4 |  4.3
Throwing       | |  0.4

Action                   |  1- 3 |  4- 6 |  7- 9 || total
-------------------------+-------+-------+-------++-------
Melee: Unarmed           |    65 |   119 |   318 ||   502
       Punch             |       |     6 |    14 ||    20
Throw: Tomahawk          |       |       |     1 ||     1
Invok: Berserk           |     1 |       |     1 ||     2
       Trog's Hand       |       |     1 |     2 ||     3
  Use: Scroll            |       |       |     3 ||     3
  Eat: Chunk             |    12 |    14 |    27 ||    53
Armor: Animal skin       |    35 |    31 |    31 ||    97
       Robe              |       |       |    75 ||    75
Dodge: Dodged            |    38 |    41 |   169 ||   248
